 Dungeon Crawl Stone Soup version 0.30-a0-778-g2ef04afb54 (webtiles) character file.

Game seed: 11704720889840479667

49893 Monkooky the Severer (level 14, 0/109 HPs)
             Began as a Formicid Artificer on Feb 15, 2023.
             Was a High Priest of Makhleb.
             Constricted to death by Jorgrun (12 damage)
             ... on level 1 of the Orcish Mines.
             The game lasted 00:46:34 (18422 turns).

Monkooky the Severer (Formicid Artificer)          Turns: 18422, Time: 00:46:35

Health: 0/109      AC: 18    Str: 22    XL:     14   Next: 94%
Magic:  25/25      EV:  3    Int: 14    God:    Makhleb [*****.]
Gold:   813        SH: 13    Dex: 18    Spells: 13/13 levels left

rFire   . . .      SeeInvis +    N - +6 battleaxe
rCold   + . .      Faith    +    s - +0 kite shield
rNeg    . . .      Spirit   .    A - +0 plate armour
rPois   .          Reflect  .    (helmet unavailable)
rElec   .          Harm     .    Z - +0 cloak
rCorr   .          Rampage  .    I - +2 pair of gloves
Will    +....                    U - +0 pair of boots Stlth
                                 V - amulet of faith
HPRegen 0.38/turn                h - ring of protection from fire
MPRegen 0.19/turn                b - ring of the Turtledove {Ice Int+3 Dex+4 Slay+2}

@: grasped by roots, constricted
A: permanent stasis, dig shafts and tunnels, antennae 3, four strong arms
a: Dig, Shaft Self, Renounce Religion, Minor Destruction, Lesser Servant of
Makhleb, Major Destruction, Greater Servant of Makhleb


You were on level 1 of the Orcish Mines.
You worshipped Makhleb.
Makhleb was extremely pleased with you.
You visited 3 branches of the dungeon, and saw 16 of its levels.
You also visited: Sewer.

You collected 813 gold pieces.

Inventory:

Hand Weapons
 t - a +3 trident of freezing
 N - a +6 battleaxe (weapon)
Missiles
 o - 60 poisoned darts
 X - 3 throwing nets
Armour
 e - a +0 troll leather armour
 s - a +0 kite shield (worn)
 A - a +0 plate armour (worn)
 I - a +2 pair of gloves (worn)
 U - a +0 pair of boots (worn)
 Z - a +0 cloak (worn)
Jewellery
 b - the ring of the Turtledove (right hand) {Ice Int+3 Dex+4 Slay+2}
   (You found it on level 4 of the Lair of Beasts)

   [ring of ice]

   It enhances your ice magic.
   Int:       It affects your intelligence (+3).
   Dex:       It affects your dexterity (+4).
   Slay:      It affects your accuracy & damage with ranged weapons and melee
   (+2).
   rF:        It makes you vulnerable to fire.
   rC:        It protects you from cold.
 f - a ring of flight
 h - a ring of protection from fire (left hand)
 i - an amulet of regeneration
 C - the amulet of Haeb Lua {RegenMP rF- Dex+4 Slay+2}
   (You found it on level 5 of the Dungeon)

   [amulet of magic regeneration]

   It increases your rate of magic regeneration.
   Dex:       It affects your dexterity (+4).
   Slay:      It affects your accuracy & damage with ranged weapons and melee
   (+2).
   rF:        It makes you vulnerable to fire.
 D - a ring of resist corrosion
 K - a +6 ring of intelligence
 V - an amulet of faith (around neck)
Wands
 d - a wand of charming (6)
 q - a wand of polymorph (14)
 y - a wand of quicksilver (13)
 L - a wand of paralysis (16)
 Q - a wand of flame (17)
 Y - a wand of iceblast (10)
Scrolls
 a - a scroll of vulnerability
 g - 3 scrolls of immolation
 m - 4 scrolls of fog
 n - 8 scrolls of teleportation
 u - 2 scrolls of acquirement {unknown}
 v - a scroll of silence {unknown}
 x - 2 scrolls of fear
 E - 2 scrolls of summoning {unknown}
 F - a scroll of blinking
 J - a scroll of poison
 O - 2 scrolls of magic mapping
 S - a scroll of amnesia {unknown}
 W - a scroll of enchant armour {unknown}
Potions
 c - 2 potions of might {unknown}
 j - a potion of heal wounds
 k - 4 potions of berserk rage
 l - a potion of haste {unknown}
 p - 7 potions of brilliance {unknown}
 r - a potion of lignification
 w - a potion of magic
 z - 2 potions of cancellation {unknown}
 B - 3 potions of curing
 G - a potion of attraction {unknown}
 H - 5 potions of mutation {unknown}
 M - 2 potions of degeneration {unknown}
 R - a potion of flight {unknown}
Miscellaneous
 P - a condenser vane (inert)
 T - a phantom mirror


   Skills:
 * Level 9.7 Fighting
 * Level 16.8(16.9) Axes
 - Level 2.5(11.3) Polearms
 + Level 6.5 Armour
 - Level 0.8 Dodging
 - Level 1.2 Stealth
 + Level 11.3 Shields
 - Level 15.6 Invocations
 - Level 9.4 Evocations


You had 13 spell levels left.
You didn't know any spells.
Your spell library contained the following spells:

 Spells                   Type           Power      Damage    Failure   Level
 Beastly Appendage        Tmut           0%         N/A       100%        1
 Freeze                   Ice            0%         1d3       100%        1
 Kiss of Death            Conj/Necr      0%         2d5       100%        1
 Lesser Beckoning         Tloc           0%         N/A       100%        2
 Wereblood                Tmut           0%         N/A       100%        2
 Confusing Touch          Hex            0%         N/A       100%        3
 Frozen Ramparts          Ice            0%         1d1       100%        3
 Gell's Gravitas          Tloc           0%         N/A       100%        3
 Hailstorm                Conj/Ice       0%         3d3       100%        3
 Spider Form              Tmut/Pois      0%         N/A       100%        3
 Teleport Other           Tloc           0%         N/A       100%        3
 Dispel Undead            Necr           0%         3d6       100%        4
 Manifold Assault         Tloc           0%         N/A       100%        4
 Fireball                 Conj/Fire      0%         3d3       100%        5
 Freezing Cloud           Conj/Ice/Air   0%         6-21      100%        5
 Iskenderun's Battlesphe  Conj           0%         2d6       100%        5
 Conjure Ball Lightning   Conj/Air       0%         3x3d6     100%        6
 Simulacrum               Ice/Necr       0%         N/A       100%        6
 Orb of Destruction       Conj           0%         9d5       100%        7
 Storm Form               Tmut/Air       0%         N/A       100%        7
 Borgnjor's Revivificati  Necr           0%         N/A       100%        8
 Necromutation            Tmut/Necr      0%         N/A       100%        8
 Death's Door             Necr           0%         N/A       100%        9
 Polar Vortex             Ice            0%         N/A       100%        9
 Blink                    Tloc           Unusable   N/A       N/A         2

Dungeon Overview and Level Annotations

Branches:
Dungeon (10/15)            Temple (0/1) D:7            Lair (5/5) D:8
  Swamp (0/4) Lair:3       Spider (0/4) Lair:2          Orc (1/2) D:9
  Sewer (visited)
  Slime: Lair:4-5

Altars:
Cheibriados
Elyvilon
Kikubaaqudgha
Makhleb
Trog
Xom
The Shining One

Shops:
Orc:1 *

Annotations:
D:7 exclusion: downstairs
D:8 3 runed translucent doors, Dittersdorf's ghost, novice GrFi
D:9 exclusion: downstairs
Lair:2 exclusion: downstairs
Lair:4 exclusion: downstairs
Lair:5 exclusion: 2 oklob plants
Orc:1 Jorgrun


Innate Abilities, Weirdness & Mutations

You cannot be hasted, slowed, berserked, paralysed or teleported.
You can dig through walls and to a lower floor.
You have a pair of large antennae on your head. (SInv)
Your four strong arms can wield two-handed weapons with a shield.


Message History

You swap places.
Jorgrun casts a spell at you.
Roots burst forth from the earth!
The grasping roots grab you! The grasping roots constrict you.
You have turned to stone.
Jorgrun hits your neqoxec with a staff of earth!
Jorgrun shatters your neqoxec!!
Your neqoxec dies!
Your neqoxec disappears in a puff of smoke!
The grasping roots constrict you.
You hear a shout!
You hear a shout!
The grasping roots constrict you!
Jorgrun points at you and mumbles some strange words.
You shatter!
The grasping roots constrict you!
You hear a shout! x4
The grasping roots constrict you. Jorgrun hits you with a staff of earth!
The grasping roots constrict you.
* * * LOW HITPOINT WARNING * * *
Jorgrun hits you but does no damage. The grasping roots constrict you.
* * * LOW HITPOINT WARNING * * *
Jorgrun hits you but does no damage. The grasping roots constrict you!!
* * * LOW HITPOINT WARNING * * *
Jorgrun hits you with a staff of earth!
* * * LOW HITPOINT WARNING * * *
The grasping roots constrict you.
* * * LOW HITPOINT WARNING * * *
An orc wizard comes into view. It is wielding a +0 dagger.
You turn to flesh and can move again.
You feel much better. Jorgrun casts a spell at you. The iron shot hits you!!
* * * LOW HITPOINT WARNING * * *
The grasping roots constrict you!
* * * LOW HITPOINT WARNING * * *
An orc wizard comes into view. It is wielding a +0 dagger.
The orc wizard shouts!
The roots grasp on you weakens, but your attempt to escape fails.
Jorgrun hits you but does no damage. The grasping roots constrict you!
You die...

##.## .... ...#
#∩ ...#.##
..○§... ###
.§.§o#.
##.##))○§.☼.
####..@g[)..§..
##.##..##)#.).§.
#......# .o) #..
##<##...#.#○#
####$.....#oo
##.........
#.........o
##...... ..
......


You could see Jorgrun (very poisoned), an orc priest, 2 orc wizards and an orc.

Vanquished Creatures
  Gastronok (Lair:3)
  Josephine (D:10)
  4 hydras
  Fannar (Lair:3)
  A centaur warrior (D:9)
  A boulder beetle (Lair:3)
  6 death yaks (Lair:4)
  An orc high priest (Orc:1)
  A skyshark (Lair:5)
  A goliath frog (Lair:5)
  An orc sorcerer (Orc:1)
  2 oklob plants (Lair:3)
  19 elephants
  5 black mambas
  19 cane toads
  2 kobold demonologists (D:9)
  A rime drake (Lair:1)
  5 komodo dragons
  2 polar bears
  3 tyrant leeches
  3 trolls
  A hornet (D:9)
  5 dream sheep (Lair:5)
  17 blink frogs
  3 wraiths
  5 wyverns
  2 steam dragons
  2 basilisks
  39 yaks
  5 vampire mosquitoes
  A floating eye (Lair:3)
  6 water moccasins
  A sky beast (D:6)
  5 orc warriors
  3 ice beasts
  Pargi (Sewer)
  3 black bears
  2 ogres
  4 wolves (Lair:4)
  2 centaurs
  18 bullfrogs
  4 kobold brigands
  A gnoll sergeant (D:9)
  4 scorpions
  12 wights
  7 killer bees
  6 howler monkeys
  2 electric eels (Lair:5)
  2 hounds
  2 jellies
  11 orc priests
  An iguana (D:5)
  12 orc wizards
  A mummy (D:8)
  4 adders
  5 gnolls
  A shadow imp (D:6)
  An ufetubus (D:6)
  4 worms
  3 dart slugs
  47 orcs
  6 ball pythons
  9 bats
  6 endoplasms
  2 giant cockroaches
  7 goblins
  5 hobgoblins
  6 jackals (D:1)
  17 kobolds
  4 quokkas
  10 frilled lizards
  2 rats (D:1)
409 creatures vanquished.

Vanquished Creatures (collateral kills)
  Harold (D:10)
  Maggie (D:8)
  A hornet (D:6)
  A dream sheep (Lair:5)
  A spriggan (Lair:2)
  3 wraiths (D:10)
  A wight (D:4)
  A gnoll bouda (D:5)
  A quokka (D:5)
  A kobold (D:9)
12 creatures vanquished.

Vanquished Creatures (others)
  A wight (D:4)
  A killer bee (D:10)
  2 gnolls (D:5)
  A jackal (D:1)
  24 fungi
  87 plants
116 creatures vanquished.

Grand Total: 537 creatures vanquished

Notes
Turn   | Place    | Note
-------+----------+-------------------------------------------
     0 | D:1      | Monkooky the Formicid Artificer began the quest for the
                  | Orb.
     0 | D:1      | Reached XP level 1. HP: 15/15 MP: 1/1
    60 | D:1      | Reached skill level 1 in Axes
    66 | D:1      | Reached XP level 2. HP: 10/21 MP: 2/2
   117 | D:1      | Reached skill level 2 in Axes
   251 | D:1      | Reached XP level 3. HP: 26/26 MP: 3/3
   307 | D:1      | Reached skill level 3 in Axes
   430 | D:1      | Reached XP level 4. HP: 17/32 MP: 4/4
   941 | D:2      | HP: 1/32 [poisoned by an adder]
  1278 | D:2      | Found a burning altar of Makhleb.
  1320 | D:2      | Became a worshipper of Makhleb the Destroyer
  1695 | D:3      | Reached skill level 1 in Invocations
  1951 | D:3      | Reached XP level 5. HP: 28/37 MP: 6/6
  2244 | D:4      | Reached skill level 5 in Invocations
  2244 | D:4      | Reached XP level 6. HP: 26/43 MP: 6/10
  2340 | D:4      | Noticed a black bear
  2384 | D:4      | Noticed Edmund
  2387 | D:4      | Edmund changed into Edmund the bullfrog
  2387 | D:4      | Noticed Edmund
  2400 | D:4      | Killed Edmund the bullfrog
  2426 | D:4      | Reached * piety under Makhleb
  2432 | D:4      | Reached skill level 4 in Axes
  2432 | D:4      | Reached XP level 7. HP: 11/48 MP: 11/13
  2440 | D:4      | Reached skill level 5 in Axes
  2581 | D:4      | Found a glowing drain.
  2597 | Sewer    | Entered a sewer
  2624 | Sewer    | Noticed Pargi
  2633 | Sewer    | Killed Pargi
  2634 | Sewer    | Reached skill level 1 in Polearms
  2908 | D:4      | Reached XP level 8. HP: 45/58 MP: 14/14
  3122 | D:5      | Entered Level 5 of the Dungeon
  3542 | D:5      | Reached skill level 1 in Shields
  3561 | D:5      | Found a bloodstained altar of Trog.
  3618 | D:5      | Reached ** piety under Makhleb
  3635 | D:5      | HP: 2/61 [steam dragon/ball of steam (9)]
  3989 | D:5      | Identified the amulet of Haeb Lua {RegenMP rF- Dex+4
                  | Slay+2}
  4162 | D:6      | Reached skill level 10 in Invocations
  4402 | D:6      | Reached XP level 9. HP: 54/67 MP: 17/17
  4482 | D:6      | Noticed a hornet
  4494 | D:6      | Killed a hornet
  4942 | D:6      | Reached skill level 15 in Invocations
  5069 | D:6      | Found a shimmering altar of Xom.
  5069 | D:6      | Found an ancient bone altar of Kikubaaqudgha.
  5242 | D:7      | Found a staircase to the Ecumenical Temple.
  5425 | D:7      | Reached *** piety under Makhleb
  5593 | D:7      | Reached XP level 10. HP: 73/73 MP: 21/21
  5599 | D:7      | Reached skill level 5 in Evocations
  5884 | D:8      | Noticed an elephant
  5884 | D:8      | Found a staircase to the Lair.
  5919 | D:8      | Noticed Maggie
  5935 | D:8      | Killed Maggie
  6392 | D:8      | Killed an elephant
  6807 | D:8      | Found a white marble altar of Elyvilon.
  6896 | D:8      | Found a runed translucent gate.
  6896 | D:8      | Found a runed translucent gate.
  6896 | D:8      | Found a runed translucent gate.
  6896 | D:8      | Noticed a spectral unseen horror
  6897 | D:8      | Noticed Dittersdorf's ghost (novice GrFi)
  7128 | D:8      | Found a snail-covered altar of Cheibriados.
  7304 | D:9      | Noticed a kobold demonologist
  7305 | D:9      | Noticed a kobold demonologist
  7310 | D:9      | Noticed a centaur warrior
  7312 | D:9      | Noticed an orange demon
  7312 | D:9      | Killed a kobold demonologist
  7313 | D:9      | Reached skill level 5 in Shields
  7314 | D:9      | Killed a kobold demonologist
  7328 | D:9      | Reached XP level 11. HP: 26/78 MP: 22/22
  7335 | D:9      | Killed a centaur warrior
  7542 | D:9      | Found a staircase to the Orcish Mines.
  8103 | D:9      | Reached **** piety under Makhleb
  8104 | D:9      | Reached skill level 6 in Axes
  8489 | D:10     | Entered Level 10 of the Dungeon
  8576 | D:10     | Reached skill level 7 in Axes
  8797 | D:10     | Reached skill level 8 in Axes
  8895 | D:10     | Noticed Harold
  9593 | D:10     | Noticed Josephine
  9599 | D:10     | Killed Josephine
  9600 | D:10     | Reached skill level 9 in Axes
  9620 | D:10     | Found a glowing golden altar of the Shining One.
  9742 | D:10     | Killed Harold
  9743 | D:10     | Reached skill level 10 in Axes
  9743 | D:10     | Reached XP level 12. HP: 38/85 MP: 23/23
 10296 | Lair:1   | Entered Level 1 of the Lair of Beasts
 11048 | Lair:1   | Reached skill level 11 in Axes
 11892 | Lair:2   | Noticed a five-headed hydra
 11900 | Lair:2   | Killed a five-headed hydra
 12022 | Lair:2   | Reached skill level 12 in Axes
 12121 | Lair:2   | Found a hole to the Spider Nest.
 12202 | Lair:2   | HP: 4/85 [poisoned by a cane toad]
 13068 | Lair:3   | Noticed Fannar
 13068 | Lair:3   | Noticed Gastronok
 13156 | Lair:3   | Reached skill level 13 in Axes
 13379 | Lair:3   | Killed Gastronok
 13380 | Lair:3   | Reached XP level 13. HP: 68/90 MP: 24/24
 13492 | Lair:3   | Reached skill level 14 in Axes
 13794 | Lair:3   | Killed Fannar
 13795 | Lair:3   | Reached skill level 15 in Axes
 14271 | Lair:3   | Reached skill level 5 in Fighting
 14625 | Lair:3   | Found a staircase to the Swamp.
 15012 | Lair:4   | Noticed a six-headed hydra
 15017 | Lair:4   | Killed a six-headed hydra
 15052 | Lair:4   | Identified the ring of the Turtledove {Ice Int+3 Dex+4
                  | Slay+2}
 15394 | Lair:4   | Reached ***** piety under Makhleb
 15980 | Lair:5   | Entered Level 5 of the Lair of Beasts
 15991 | Lair:5   | Reached XP level 14. HP: 78/103 MP: 25/25
 16001 | Lair:5   | Reached skill level 10 in Shields
 16127 | Lair:5   | Reached skill level 16 in Axes
 16175 | Lair:5   | Reached skill level 5 in Armour
 18377 | Orc:1    | Entered Level 1 of the Orcish Mines
 18384 | Orc:1    | Found Ymnenump's General Store.
 18399 | Orc:1    | Reached ****** piety under Makhleb
 18405 | Orc:1    | Noticed Jorgrun
 18422 | Orc:1    | Constricted to death by Jorgrun

Illustrated notes

Levels and vault maps discovered:
D:1:      minmay_arrival_cross, layout_rooms, minmay_tripent
D:2:      layout_rooms, basic_altar
D:3:      layout_loops_cross
D:4:      layout_basic, cheibrodos_sewer_entry_bend, uniq_edmund
D:5:      layout_gridville, mainiacjoe_overflow_alcove_2, grunt_decor_arrowhead
D:6:      layout_loops_ring, gammafunk_temple_overflow_wave
D:7:      layout_cave_pools, minmay_temple_entry_poolview
D:8:      layout_basic, slow_altar_2, mainiacjoe_overflow_surrounded_room,
          david_lair_generic, gammafunk_ghost_necromancy,
          nicolae_kite_square_tiling_tiny, uniq_maggie
D:9:      layout_long_grid, orc_0_dummy, grunt_ministairs_10, nrook_campfire
D:10:     layout_basic, mainiacjoe_overflow_catwalk, uniq_josephine, uniq_harold
Lair:1:   layout_regular_city
Lair:2:   layout_regular_city, spider_nest_entry_a,
          grunt_forest_large_clearing_hut
Lair:3:   layout_regular_city, minmay_swamp_entry_worms, minivault_26,
          nicolae_quartered_pool_super, disabler_island, uniq_fannar,
          uniq_gastronok
Lair:4:   layout_regular_city, chequers_serial_rivers_micro_b
Lair:5:   minmay_lair_end_frog_pond, layout_hall_layers,
          minmay_slime_entry_oklob_enclosed, minivault_25,
          chequers_serial_rivers_small_b
Orc:1:    layout_caves, serial_shops, nicolae_shop_window_shopping, uniq_jorgrun

Skill      XL: |  1  2  3  4  5  6  7  8  9 10 11 12 13 14 |
---------------+-------------------------------------------+-----
Axes           | 1 2 3 4 5 10 13 15 16 | 16.8
Invocations    | 2 5 8 11 15 | 15.6
Fighting       | 3 4 7 9 |  9.7
Polearms       | 1 2 |  2.5
Shields        | 2 6 9 11 | 11.3
Evocations     | 4 9 |  9.4
Armour         | 3 4 6 |  6.5
Dodging        | |  0.8
Stealth        | |  1.2

Action                     |  1- 3 |  4- 6 |  7- 9 | 10-12 | 13-15 || total
---------------------------+-------+-------+-------+-------+-------++-------
  Melee: Hand axe          |    79 |   134 |     9 |       |       ||   222
         Trident           |       |       |   111 |   167 |       ||   278
         Punch             |       |       |     1 |       |       ||     1
         Battleaxe         |       |       |       |    83 |   342 ||   425
 Invoke: Minor Destruction |       |       |    94 |   275 |   160 ||   529
         Lesser Servant of |       |       |       |     5 |     2 ||     7
         Major Destruction |       |       |       |     4 |     6 ||    10
Ability: Dig               |       |       |       |     3 |     3 ||     6
  Evoke: Wand              |       |    18 |     7 |    11 |    12 ||    48
         Condenser vane    |       |       |       |       |     2 ||     2
    Use: Scroll            |       |     4 |     4 |     6 |     2 ||    16
         Potion            |       |     1 |     4 |     5 |     2 ||    12
   Stab: Sleeping          |     1 |     2 |       |       |       ||     3
         Distracted        |       |       |       |     3 |       ||     3
         Paralysed         |       |       |       |       |     1 ||     1
 Armour: Leather armour    |    12 |       |       |       |       ||    12
         Ring mail         |    22 |    43 |    14 |       |       ||    79
         Skin              |       |       |     2 |       |       ||     2
         Plate armour      |       |       |    34 |   139 |   189 ||   362
  Dodge: Dodged            |    88 |    87 |    31 |    70 |    72 ||   348
  Block: Kite shield       |       |       |       |   183 |   170 ||   353

Table legend: (Time is in decaauts)
 A = Elapsed time spent in this place.
 B = Non-inter-level travel time spent in this place.
 C = Inter-level travel time spent in this place.
 D = Time resting spent in this place.
 E = Time spent auto-exploring this place.
 F = Levels seen in this place.
 G = Mean time per level.
                   A        B        C        D        E       F      G
               +--------+--------+--------+--------+--------+-----+--------+
         Total |  18576 |  17727 |    849 |   3950 |  10471 |  17 | 1092.7 |
       Dungeon |  10443 |   9964 |    479 |   2233 |   5840 |  10 | 1044.3 |
          Lair |   7832 |   7463 |    369 |   1717 |   4472 |   5 | 1566.4 |
  Orcish Mines |     44 |     44 |      0 |      0 |      3 |   1 |   44.0 |
         Sewer |    256 |    256 |      0 |      0 |    156 |   1 |  256.0 |
               +--------+--------+--------+--------+--------+-----+--------+

Top non-repeatable levels by time:
  Lair:5: 1889 daAuts
  Lair:3: 1852 daAuts
     D:9: 1546 daAuts
    D:10: 1518 daAuts
  Lair:4: 1428 daAuts
     D:8: 1363 daAuts
  Lair:1: 1354 daAuts
  Lair:2: 1307 daAuts
     D:7: 1000 daAuts
     D:5: 965 daAuts
     D:6: 946 daAuts
     D:2: 870 daAuts
     D:3: 808 daAuts
     D:4: 725 daAuts
     D:1: 698 daAuts
